 Dungeon Crawl Stone Soup version 0.25-a0-707-g603da07 (webtiles) character file.

Game seed: 3745876654797700782, levelgen mode: deterministic

1845 Faca the Chiller (level 8, -4/73 HPs)
             Began as a Black Draconian Ice Elementalist on Apr 4, 2020.
             Was an Initiate of Vehumet.
             Slain by an ice beast (13 damage)
             ... on level 7 of the Dungeon.
             The game lasted 00:16:47 (6310 turns).

Faca the Chiller (Black Draconian Ice Elementalist) Turns: 6310, Time: 00:16:47

Health: -4/73      AC:  8    Str: 10    XL:     8   Next: 88%
Magic:  17/17      EV: 12    Int: 18    God:    Vehumet [......]
Gold:   306        SH:  0    Dex: 12    Spells: 15/19 levels left

rFire    . . .     SeeInvis .   q - +2 short sword (holy)
rCold    . . .     Gourm    .   (no shield)
rNeg     . . .     Faith    .   (armour unavailable)
rPois    .         Spirit   .   (helmet restricted)
rElec    +         Reflect  .   y - +1 cloak
rCorr    .         Harm     .   (no gloves)
MR       .....                  (no boots)
Stlth    ++........             f - amulet of regeneration
HPRegen  0.62/turn              u - ring of wizardry
MPRegen  0.15/turn              (no ring)

@: short of breath, slowed, very slow
A: breathe lightning, unfitting armour, electricity resistance, cold-blooded, AC
+6
a: Breathe Lightning, Renounce Religion


You were on level 7 of the Dungeon.
You worshipped Vehumet.
Vehumet was noncommittal.
You were not hungry.

You visited 2 branches of the dungeon, and saw 8 of its levels.

You collected 306 gold pieces.

Inventory:

Hand Weapons
 q - a +2 short sword of holy wrath (weapon)
Armour
 y - a +1 cloak (worn)
Jewellery
 f - an amulet of regeneration (around neck)
 u - a ring of wizardry (left hand)
 x - an uncursed amulet of harm {unknown}
Wands
 r - a wand of polymorph (9)
 s - a wand of flame (19)
Scrolls
 a - a scroll of magic mapping
 g - 7 scrolls of teleportation
 h - 2 scrolls of remove curse
 p - a scroll of fog
Potions
 c - a potion of magic
 d - a potion of lignification
 e - 3 potions of curing
 i - a potion of berserk rage
 k - a potion of mutation
 l - a potion of ambrosia {unknown}
 m - a potion of heal wounds {unknown}
 n - 2 potions of brilliance
 o - 2 potions of degeneration {unknown}
 t - a potion of might {unknown}
 v - a potion of cancellation {unknown}
 w - a potion of flight {unknown}
 z - a potion of resistance
Comestibles
 b - 11 rations


   Skills:
 + Level 7.0 Fighting
   Level 1.9 Long Blades
 - Level 1.7 Dodging
 - Level 1.7 Stealth
 + Level 6.2 Spellcasting
 + Level 7.7 Ice Magic


You had 15 spell levels left.
You knew the following spells:

 Your Spells              Type           Power        Failure   Level  Hunger
a - Freeze                Ice            ####         1%          1    None
b - Frozen Ramparts       Ice            ####..       1%          3    ##.....

Your spell library contained the following spells:

 Spells                   Type           Power        Failure   Level  Hunger
 Ozocubu's Armour         Chrm/Ice       ###.....     2%          3    ##.....
 Hailstorm                Conj/Ice       ###.....     10%         4    ####...
 Summon Ice Beast         Ice/Summ       ###.....     10%         4    ####...


Dungeon Overview and Level Annotations

Branches:
Dungeon (7/15)             Temple (1/1) D:6

Altars:
Ashenzari
Cheibriados
Dithmenos
Fedhas
Gozag
Hepliaklqana
Kikubaaqudgha
Makhleb
Nemelex Xobeh
Okawaru
Qazlal
Ru
Sif Muna
Trog
Uskayaw
Vehumet
Wu Jian
Yredelemnul
Zin
The Shining One

Shops:
D:6 ?


Innate Abilities, Weirdness & Mutations

You can breathe wild blasts of lightning.
Your glossy black scales are hard. (AC +6)
You cannot fit into any form of body armour.
You are resistant to electric shocks. (rElec)
You are cold-blooded and may be slowed by cold attacks.


Message History

The ice beast is moderately wounded.
The ice beast hits you. The ice beast freezes you!
You feel yourself slow down.
You closely miss the ice beast.
You tail-slap the ice beast, but do no damage.
The ice beast is moderately wounded.
The ice beast closely misses you.
The ice beast hits you but does no damage.
You breathe a wild blast of lightning!
You hear a mighty clap of thunder!
The bolt of lightning hits you. You resist.
The orb of electricity explodes!
You feel somewhat more hungry.
You feel yourself speed up.
You hear a shout! x3
The ice beast hits you. The ice beast freezes you!
You feel yourself slow down.
* * * LOW HITPOINT WARNING * * *
The ice beast hits you.
* * * LOW HITPOINT WARNING * * *
The ice beast freezes you!
You feel as though you will be slow longer.
You die...

...##....#.......#....# #..##..
#..##.#......_........## ##.....#
...##...##.......##.##.###.#.####
........###.....###.###....#.....
....##.## ##...##.#.# ####.######
#.#.##.# ##.##..#.# #.# ..#.##.#
#.......# #.# .......# ####.####
#.# ....####...#####@#### ...
....# .......Y))[.# ##. .##.#
.........#..# . .##.#
............... ###.#
...##....#..#.# ###.# ..
#......?# # ....# # #.####.##
##.## #. . #.# .. #


You could see an ice beast.

Vanquished Creatures
  Menkaure (D:6)
  An ice beast (D:5)
  A phantom (D:6)
  6 ogres
  A bullfrog (D:6)
  2 scorpions
  4 jellies
  A hound (D:5)
  3 orc wizards
  2 gnoll shamans (D:5)
  2 orc priests
  Ijyb (D:3)
  Jessica (D:2)
  6 worker ants
  2 worker ant zombies
  7 adders
  10 gnolls (D:5)
  3 shadow imps
  An ooze (D:7)
  3 dart slugs
  6 leopard geckos
  14 orcs
  6 bats
  6 giant cockroaches
  7 goblins
  6 hobgoblins
  17 jackals
  6 quokkas
  A ball python (D:4)
  A ball python skeleton (D:4)
  4 frilled lizards
  A jackal zombie (D:6)
  7 kobolds
  13 rats
  A spectral orc (D:3)
154 creatures vanquished.

Notes
Turn   | Place    | Note
-------+----------+-------------------------------------------
     0 | D:1      | Faca the Draconian Ice Elementalist began the quest for the
                  | Orb.
     0 | D:1      | Reached XP level 1. HP: 14/14 MP: 3/3
   196 | D:1      | Reached XP level 2. HP: 11/22 MP: 5/5
   322 | D:1      | Reached skill level 1 in Fighting
   756 | D:1      | Reached XP level 3. HP: 28/28 MP: 6/6
  1362 | D:2      | Found a snail-covered altar of Cheibriados.
  1420 | D:2      | Reached XP level 4. HP: 30/36 MP: 8/8
  1538 | D:2      | Noticed Jessica
  1545 | D:2      | Killed Jessica
  1651 | D:2      | Found a bloodstained altar of Trog.
  1936 | D:3      | Learned a level 3 spell: Frozen Ramparts
  1942 | D:3      | Found a sparkling altar of Nemelex Xobeh.
  2135 | D:3      | Found a glowing golden altar of the Shining One.
  2147 | D:3      | Noticed Ijyb
  2216 | D:3      | Killed Ijyb
  2216 | D:3      | Reached XP level 5. HP: 44/44 MP: 4/9
  2234 | D:3      | Reached skill level 5 in Ice Magic
  2498 | D:3      | Found a basalt altar of Yredelemnul.
  2769 | D:4      | Reached XP level 6. HP: 51/51 MP: 7/11
  2990 | D:4      | Reached skill level 1 in Long Blades
  3690 | D:5      | Entered Level 5 of the Dungeon
  3805 | D:5      | Noticed an ice beast
  3831 | D:5      | Killed an ice beast
  3831 | D:5      | Your scales start taking on a glossy black colour.
  3831 | D:5      | Reached XP level 7. HP: 26/59 MP: 10/13
  3831 | D:5      | Gained mutation: You are resistant to electric shocks.
                  | (rElec) [Black Draconian growth]
  3989 | D:5      | Reached skill level 5 in Fighting
  4183 | D:5      | Reached skill level 5 in Spellcasting
  4291 | D:5      | HP: 2/61 [acid (7)]
  4321 | D:5      | Reached XP level 8. HP: 22/69 MP: 11/15
  4709 | D:6      | Noticed Menkaure
  4718 | D:6      | Killed Menkaure
  5048 | D:6      | Found a sacrificial altar of Ru.
  5157 | D:6      | Found a staircase to the Ecumenical Temple.
  5163 | Temple   | Entered the Ecumenical Temple
  5220 | Temple   | Became a worshipper of Vehumet
  5666 | D:6      | Found Cetol's Magic Scroll Boutique.
  5932 | D:7      | Found an ancient bone altar of Kikubaaqudgha.
  6222 | D:7      | Found an opulent altar of Gozag.
  6310 | D:7      | Slain by an ice beast

Levels and vault maps discovered:
D:1:      dpeg_cavernosity, layout_rooms
D:2:      layout_loops_ring, bloody_trog, cheibriados_altar_1, first_ration,
          minmay_misc_feat_plants, uniq_jessica
D:3:      layout_rooms, tso_oasis_becter, overflow_temple_1_default,
          yredelemnul_forgotten_temple_becter, uniq_ijyb
D:4:      layout_gridville
D:5:      layout_basic
D:6:      layout_loops_ring, temple_doors_e, serial_shops, shop,
          nicolae_ru_great_annihilating_truth, uniq_menkaure
D:7:      layout_loops_cross, nicolae_gozag_cash_rules_everything_around_me,
          lemuel_round_altar, nicolae_overflow_hidden_temple
Temple:   dshaligram_water_room_temple

Skill      XL: |  1  2  3  4  5  6  7  8 |
---------------+-------------------------+-----
Fighting       | 1 2 3 4 5 7 |  7.0
Spellcasting   | 3 4 5 6 |  6.2
Ice Magic      | 5 6 7 |  7.7
Long Blades    | 1 |  1.9
Dodging        | |  1.7
Stealth        | |  1.7

Action                   |  1- 3 |  4- 6 |  7- 9 || total
-------------------------+-------+-------+-------++-------
Melee: Short sword       |   185 |   123 |   208 ||   516
       Tailslap          |    18 |    13 |    19 ||    50
       Unarmed           |       |    15 |       ||    15
       Falchion          |       |    77 |     3 ||    80
 Cast: Freeze            |     3 |    15 |     5 ||    23
       Frozen Ramparts   |       |     3 |    11 ||    14
 Abil: Breathe Lightning |       |       |     2 ||     2
  Use: Scroll            |     4 |     9 |     2 ||    15
 Stab: Sleeping          |     4 |     6 |     6 ||    16
       Distracted        |       |       |     1 ||     1
  Eat: Chunk             |     2 |     7 |    10 ||    19
Armor: Skin              |    91 |   100 |    53 ||   244
Dodge: Dodged            |   132 |   186 |   133 ||   451
       Rpst.: Falchion   |       |    24 |     1 ||    25

Table legend:
 A = Non-vault XP
 B = Vault XP
 C = Vault XP percentage of total XP
 D = Non-vault monster count
 E = Vault monster count
 F = Vault count percentage of total count
                 A         B        C        D         E       F
            +---------+---------+-------+---------+---------+-------
      Total |    2329 |     308 |  11.7 |     142 |      12 |   7.8
            +---------+---------+-------+---------+---------+-------
        D:1 |      65 |      10 |  13.3 |      38 |       4 |   9.5
        D:2 |      49 |      37 |  43.0 |      12 |       1 |   7.7
        D:3 |      83 |      39 |  32.0 |      16 |       2 |  11.1
        D:4 |     336 |       0 |   0.0 |      15 |       0 |   0.0
        D:5 |     848 |       0 |   0.0 |      32 |       0 |   0.0
        D:6 |     422 |     222 |  34.5 |      13 |       5 |  27.8
        D:7 |     526 |       0 |   0.0 |      16 |       0 |   0.0
            +---------+---------+-------+---------+---------+-------
